 Dungeon Crawl Stone Soup version 0.28.0-43-g3370ac3207 (webtiles) character file.

Game seed: 3645554090010359661

88 Kniotic the Insei (level 4, 0/35 HPs)
             Began as a Demonspawn Monk on Mar 7, 2022.
             Succumbed to an adder's poison
             ... on level 4 of the Dungeon.
             The game lasted 00:04:59 (2472 turns).

Kniotic the Insei (Demonspawn Monk)                 Turns: 2472, Time: 00:05:00

Health: 0/35       AC:  5    Str: 12    XL:     4   Next: 29%
Magic:  4/4        EV: 11    Int: 11    God:
Gold:   104        SH:  0    Dex: 17    Spells: 3/3 levels left

rFire   . . .      SeeInvis .     - Unarmed
rCold   . . .      Faith    .   (no shield)
rNeg    . . .      Spirit   .   b - +0 ring mail
rPois   .          Reflect  .   (no helmet)
rElec   .          Harm     .   (no cloak)
rCorr   .          Rampage  .   (no gloves)
Will    .....                   (no boots)
Stlth   +.........              (no amulet)
HPRegen 0.11/turn               (no ring)
MPRegen 0.09/turn               (no ring)

@: lethally poisoned (0 -> -1)
A: claws 1, foul stench 1
a: no special abilities


You were on level 4 of the Dungeon.
You visited 1 branch of the dungeon, and saw 4 of its levels.

You collected 104 gold pieces.

Inventory:

Hand Weapons
 k - a +1 dagger of venom
Armour
 a - a +0 robe
 b - a +0 ring mail (worn)
Jewellery
 f - a ring of willpower
 g - an amulet of guardian spirit
Scrolls
 d - 2 scrolls of amnesia {unknown}
 h - a scroll of identify {unknown}
 i - a scroll of brand weapon {unknown}
 j - a scroll of enchant armour {unknown}
Potions
 c - a potion of brilliance
 e - a potion of flight


   Skills:
 - Level 3.0 Fighting
 - Level 2.6 Dodging
 - Level 1.7 Stealth
 + Level 4.7 Unarmed Combat


You had 3 spell levels left.
You didn't know any spells.
Your spell library contained the following spells:

 Spells                   Type           Power      Damage    Failure   Level
 Ensorcelled Hibernation  Hex/Ice        0%         N/A       77%         2
 Passwall                 Tmut/Erth      0%         N/A       77%         2
 Swiftness                Air            0%         N/A       94%         3


Dungeon Overview and Level Annotations

Branches:
Dungeon (4/15)
 Temple: D:4-7

Altars:

Annotations:
D:2 Sigmund


Innate Abilities, Weirdness & Mutations

You have sharp fingernails.
You may rarely emit foul miasma when damaged in melee.


Message History

You kill the adder!
There is an escape hatch in the floor here.
Things that are here:
a +1 vampiric dagger; a goblin corpse You now have 104 gold pieces (gained 7).
Found a brown potion.
Found a leather armour.
You see here a brown potion.
You see here a +0 leather armour.
You are starting to lose your buoyancy.
You float gracefully downwards.
You feel a little less clever now.
Found a longbow.
You see here a +0 longbow.
Found a potion of flight.
Found 18 gold pieces.
You see here a potion of flight.
An endoplasm comes into view.
Found 10 gold pieces.
A ball python comes into view.
You see here 18 gold pieces.
An adder comes into view.
The ball python hisses angrily.
An ice beast comes into view.
The adder closely misses you.
The endoplasm quivers.
The adder bites you.
You are poisoned.
The adder poisons you!
You feel sick.
You feel sick.
You miss the adder.
You feel sick. The adder bites you.
* * * LOW HITPOINT WARNING * * *
The adder bites you.
* * * LOW HITPOINT WARNING * * *
* * * LOW HITPOINT WARNING * * *
You feel sick.
You are too injured to fight recklessly!
Okay, then.
You die...

.........# #.#
#.# ##
.#...###.####.#
##.###.
..............#
#.#.#
.#.......OJ####
#...#
######..#S#
#.#.# #.##.#
#####.#.# #Y
#S# #.....#.#
#. #.#
##.#####.# #.
#@#
####...####.#
#. #.#
#...........#
#. #.#
#.##...######
..# # ##.## ###
#.# #O# #.# #.#
#.#


You could see an ogre, an adder, an endoplasm and a ball python.

Vanquished Creatures
  2 adders
  4 ball pythons
  6 endoplasms
  11 giant cockroaches
  6 goblins
  4 hobgoblins
  4 jackals (D:2)
  4 kobolds
  4 quokkas
  5 bats
  5 frilled lizards
  7 rats
62 creatures vanquished.

Vanquished Creatures (others)
  5 plants (D:1)
5 creatures vanquished.

Grand Total: 67 creatures vanquished

Notes
Turn   | Place    | Note
-------+----------+-------------------------------------------
     0 | D:1      | Kniotic the Demonspawn Monk began the quest for the Orb.
     0 | D:1      | Reached XP level 1. HP: 18/18 MP: 1/1
    28 | D:1      | Reached skill level 3 in Unarmed Combat
   318 | D:1      | Gained mutation: You have sharp fingernails. [demonic
                  | ancestry]
   318 | D:1      | Reached XP level 2. HP: 21/24 MP: 2/2
   951 | D:2      | Reached XP level 3. HP: 29/29 MP: 3/3
  1231 | D:2      | Reached skill level 4 in Unarmed Combat
  1838 | D:2      | Noticed Sigmund
  2238 | D:3      | Gained mutation: You may rarely emit foul miasma when
                  | damaged in melee. [demonic ancestry]
  2238 | D:3      | Reached XP level 4. HP: 35/35 MP: 4/4
  2395 | D:4      | Noticed an ogre
  2464 | D:4      | Noticed an ice beast
  2471 | D:4      | HP: 1/35 [poisoned by an adder]
  2472 | D:4      | Succumbed to an adder's poison

Illustrated notes

Levels and vault maps discovered:
D:1:      eino_arrival_druids_welcome, layout_basic
D:2:      layout_loops_cross, uniq_sigmund
D:3:      minmay_roachtagon, layout_rooms, dilly_ecumenical_altar_fadedgnrine
D:4:      layout_loops_ring

Skill      XL: |  1  2  3 |
---------------+----------+-----
Unarmed Combat | 3 4 |  4.7
Fighting       | |  3.0
Dodging        | |  2.6
Stealth        | |  1.7

Action                   |  1- 3 |  4- 6 || total
-------------------------+-------+-------++-------
Melee: Unarmed           |   174 |    23 ||   197
       Punch             |     5 |       ||     5
  Use: Potion            |       |     2 ||     2
 Stab: Sleeping          |     3 |       ||     3
Armor: Robe              |     5 |       ||     5
       Ring mail         |    70 |    15 ||    85
Dodge: Dodged            |   124 |    20 ||   144
